 Dungeon Crawl Stone Soup version 0.20-a0-1040-gfd09691 (webtiles) character file.

182 Rrauwl the Slasher (level 5, -4/32 HPs)
             Began as a Tengu Fighter on Apr 23, 2017.
             Slain by an orc wizard
             ... wielding a +2 flail of protection
              (9 damage)
             ... on level 3 of the Dungeon.
             The game lasted 00:09:28 (2978 turns).

Rrauwl the Slasher (Tengu Fighter)                  Turns: 2978, Time: 00:09:28

Health: -4/32      AC:  6    Str: 16    XL:     5   Next: 61%
Magic:  6/6        EV:  8    Int: 10    God:
Gold:   168        SH:  9    Dex: 13    Spells: 4/4 levels left

rFire    . . .     SeeInvis .   a - +0 long sword
rCold    . . .     Gourm    .   c - +0 shield
rNeg     . . .     Faith    .   b - +0 scale mail
rPois    .         Spirit   .   (helmet restricted)
rElec    .         Reflect  .   (no cloak)
rCorr    .         Harm     .   (no gloves)
MR       .....                  (boots unavailable)
Stlth    ..........             (no amulet)
Regen    0.1/turn               (no ring)
MPRegen  0.1/turn               (no ring)

@: no status effects
A: beak, talons 3, able to fly 1
a: Fly


You were on level 3 of the Dungeon.
You were not hungry.

You visited 1 branch of the dungeon, and saw 3 of its levels.

You collected 168 gold pieces.

Inventory:

Hand Weapons
 a - a +0 long sword (weapon)
Armour
 b - a +0 scale mail (worn)
 c - a +0 shield (worn)
 h - a +1 pair of gloves
Scrolls
 e - a scroll of remove curse
 g - 2 scrolls of enchant armour {unknown}
 j - a scroll of identify {unknown}
 l - a scroll of magic mapping {unknown}
Potions
 k - a potion of flight
Comestibles
 d - a chunk of flesh
 f - 2 bread rations


   Skills:
 - Level 3.0 Fighting
 + Level 5.7 Long Blades
 - Level 3.2 Armour
 - Level 2.0 Dodging
 - Level 3.0 Shields


You had 4 spell levels left.
You didn't know any spells.

Dungeon Overview and Level Annotations

Branches:
Dungeon (3/15)

Altars:
Kikubaaqudgha
Nemelex Xobeh
Xom


Innate Abilities, Weirdness & Mutations

You have a beak for a mouth.
You have claws for feet.
You can fly.


Message History

You barely miss something. Your peck misses something.
The orc priest invokes the aid of Beogh against you.
Beogh smites you! Something hits you but does no damage.
You miss something. Your kick misses something. You peck something.
Something hits you.
You barely miss something. Something hits you.
* * * LOW HITPOINT WARNING * * *
You hit something.
Reactivating autopickup.
You feel a bit more experienced.
A magic dart appears from out of thin air!
Deactivating autopickup; reactivate with Ctrl-A.
The magic dart hits you!
* * * LOW HITPOINT WARNING * * *
You block something's attack.
Items here: )) [ † a dagger; a robe; a hand axe; an orc corpse Your shield and scale mail prevent you from hitting something.
You claw something. Your peck misses something. Something hits you!
You die...

≈).≈≈≈≈≈#...#
#.#
≈≈≈≈≈≈≈...(.#
#.#
≈≈≈≈≈...##...
#.#
#.≈≈##.###...
#.# #$.## ##
#.# #.# #.#
#.# #@# #)#
#..oo..#
#......#
##.....#
#.....#
#(....#
#.....#
#.....#


You could see an orc priest and an orc.

Vanquished Creatures
  A jelly (D:3)
  An orc wizard (D:3)
  3 adders
  2 oozes
  4 worms
  8 dart slugs
  3 leopard geckos
  3 orcs (D:3)
  2 giant cockroaches (D:2)
  8 goblins
  7 hobgoblins
  4 jackals (D:2)
  A quokka (D:2)
  4 bats
  4 frilled lizards
  13 kobolds
  3 rats
71 creatures vanquished.

Notes
Turn   | Place    | Note
-------+----------+-------------------------------------------
     0 | D:1      | Rrauwl the Tengu Fighter began the quest for the Orb.
     0 | D:1      | Reached XP level 1. HP: 14/14 MP: 2/2
   335 | D:1      | Reached skill level 1 in Dodging
   371 | D:1      | Reached XP level 2. HP: 9/19 MP: 3/3
   859 | D:1      | Reached skill level 3 in Long Blades
   880 | D:1      | Reached XP level 3. HP: 23/23 MP: 4/4
  1062 | D:2      | Found a sparkling altar of Nemelex Xobeh.
  1172 | D:2      | Found a shimmering altar of Xom.
  1180 | D:2      | Reached XP level 4. HP: 23/28 MP: 5/5
  1205 | D:2      | Reached skill level 4 in Long Blades
  2623 | D:3      | Reached skill level 5 in Long Blades
  2623 | D:3      | Gained mutation: You can fly. [Tengu growth]
  2623 | D:3      | Reached XP level 5. HP: 28/32 MP: 6/6
  2659 | D:3      | Found an ancient bone altar of Kikubaaqudgha.
  2978 | D:3      | Slain by an orc wizard

Vault maps used:
D:1:      dpeg_arrival_arbitrary_a
D:2:      marbit_many_paths, nemelex_xobeh_ov_fountains_minmay
D:3:      kennysheep_slugbush, lemuel_round_altar, old_standard_altar,
          first_bread

Skill      XL: |  1  2  3  4 |
---------------+-------------+-----
Dodging        | 1 2 |  2.0
Long Blades    | 3 5 |  5.7
Fighting       | |  3.0
Armour         | |  3.2
Shields        | |  3.0

Action                   |  1- 3 |  4- 6 || total
-------------------------+-------+-------++-------
Melee: Long sword        |    12 |   112 ||   124
       Whip              |   101 |     5 ||   106
       Kick              |    28 |    30 ||    58
       Peck              |    21 |    18 ||    39
  Use: Potion            |     4 |       ||     4
       Scroll            |     1 |     2 ||     3
  Eat: Chunk             |     1 |     3 ||     4
       Meat ration       |       |     1 ||     1
Armor: Scale mail        |    41 |    43 ||    84
Dodge: Dodged            |    22 |    33 ||    55
Block: Shield            |    46 |    56 ||   102
       Rpst.: Long sword |       |     8 ||     8
